AoeStats
← ME_DEPRIME_JUGAR_CON_USTEDES

Lombardia

507649101Analyzed
4v4 RM · 13d ago on Sep 19, 2026· 11m 40s· 8 players
Game mode
Random Map
Map size
Large (8 player)
Population
200
Speed
Normal
Resources
Standard
Victory
Conquest
Starting age
Dark Age
Ending age
Imperial Age
RankedLock teamsTeams togetherTeam positionsShared explorationLock speedFull tech treeHidden civsTurbo modeCheats
Victory
Defeat
🇦🇷 Khmer · Argentina
1518
+16
🇦🇷 Britons · Argentina
1430
+19
🇦🇷 Huns · Argentina
1380
+21
🇦🇷 Lithuanians · Argentina
1366
+22
🇻🇳 Hindustanis · Vietnam
1584
-22
🇹🇼 Romans · Taiwan
1522
-20
🇧🇷 Tatars · Brazil
1481
-19
🇻🇳 Spanish · Vietnam
1428
-17
Perseu
murphykuang0205
tannnt89
10:42 Feudal Age
TạNgànCân
8:05 Loom
12:14 Feudal Age
350 pero pregriloso
6:39 Loom
11:36 Feudal Age
JLoops
12:10 Feudal Age
Nikems
10:13 Loom
13:08 Feudal Age
ME_DEPRIME_JUGAR_CON_USTEDES
9:46 Feudal Age
Connection lost

Rejoining the realm…

Still unreachable

The connection could not be restored.

Session expired

The server has moved on; the page needs a fresh start.